 Dungeon Crawl Stone Soup version 0.31-a0-233-g139696dc86 (webtiles) character file.

Game seed: 4249535333880300271

217 qw the Shooter (level 5, -1/32 HPs)
             Began as a Gargoyle Hexslinger on July 7, 2023.
             Slain by a gnoll sergeant
             ... wielding a +0 trident
              (12 damage)
             ... on level 5 of the Dungeon.
             The game lasted 00:01:00 (3411 turns).

qw the Shooter (Gargoyle Hexslinger)                Turns: 3411, Time: 00:01:01

Health: -1/32      AC: 10    Str: 11    XL:     5   Next: 94%
Magic:  6/6        EV: 10    Int: 14    God:
Gold:   311        SH:  0    Dex: 14    Spells: 5/6 levels left

rFire   . . .        l - +0 orcbow (drain)
rCold   . . .        (shield currently unavailable)
rNeg    + . .        f - +0 ring mail
rPois   inf          (no helmet)
rElec   +            (no cloak)
rCorr   +            j - +0 pair of gloves
SInv    .            (no boots)
Will    .....        g - amulet of faith Stlth
                     e - +4 ring of slaying {mikee}
HPRegen 0.25/turn    b - ring of resist corrosion
MPRegen 0.10/turn

%: faith
@: confused
A: sickness immunity, AC +4, negative energy resistance 1, electricity
resistance, torment resistance 1, petrification resistance
a: no special abilities


You were on level 5 of the Dungeon.
You visited 1 branch of the dungeon, and saw 5 of its levels.

You collected 311 gold pieces.


Innate Abilities, Weirdness & Mutations

You are immune to sickness and miasma.
Your stone body is resilient. (AC +4)
You are immune to poison.
You resist negative energy. (rN+)
You are resistant to electric shocks. (rElec)
You are resistant to unholy torment.
You are immune to petrification.


   Skills:
 - Level 3.0 Fighting
 + Level 5.1 Ranged Weapons
 - Level 1.0 Armour
 - Level 1.5 Dodging
 - Level 1.0 Spellcasting
 - Level 2.6 Hexes


You had 5 spell levels left.
You knew the following spells:

 Your Spells              Type           Power      Damage    Failure   Level
a - Slow                  Hex            32%        N/A       21%         1

Your spell library contained the following spells:

 Spells                   Type           Power      Damage    Failure   Level
 Inner Flame              Hex/Fire       4%         N/A       71%         3
 Portal Projectile        Hex/Tloc       8%         N/A       71%         3
 Cause Fear               Hex            4%         N/A       90%         4

Inventory:

Hand Weapons
 l - a +0 orcbow of draining (weapon)
Armour
 f - a +0 ring mail (worn)
 j - a +0 pair of gloves (worn)
Jewellery
 b - a ring of resist corrosion (right hand)
 e - a +4 ring of slaying (left hand) {mikee}
 g - an amulet of faith (around neck)
Scrolls
 a - a scroll of identify
Potions
 c - a potion of enlightenment {unknown}
 d - a potion of berserk rage {unknown}
 h - 2 potions of haste
 i - a potion of lignification {unknown}
 k - a potion of curing
 m - a potion of invisibility {unknown}
 o - a potion of magic {unknown}

Dungeon Overview and Level Annotations

Branches:
Dungeon (5/15)
 Temple: D:4-7

Altars:
Makhleb

Shops:
D:1 *   D:5 [


Message History

3403 ||| STAIRDANCE The iguana bites you.
The orc hits you but does no damage.
The orc wizard hits you but does no damage.
In your confused state, you trip and fall back down the stairs.
The iguana bites you but does no damage.
The orc hits you with a +0 hand axe.
The orc wizard points at you and mumbles some strange words.
You are more confused.
3405 ||| STAIRDANCE The iguana bites you.
The orc hits you but does no damage. The gnoll sergeant closely misses you.
In your confused state, you trip and fall back down the stairs.
The iguana bites you. The orc closely misses you.
A gnoll comes into view. It is wielding a +0 whip.
A gnoll comes into view. It is wielding a +0 club.
The gnoll sergeant closely misses you.
The orc wizard hits you with a +0 dagger.
3407 ||| STAIRDANCE The gnoll shouts!
You hear a shout!
The iguana bites you. The orc closely misses you.
The gnoll sergeant hits you but does no damage.
The orc wizard casts a spell.
The orc wizard flickers and vanishes!
In your confused state, you trip and fall back down the stairs.
The iguana bites you but does no damage.
The orc hits you but does no damage.
The gnoll sergeant hits you from afar with a +0 trident.
3409 ||| STAIRDANCE The iguana completely misses you.
The orc barely misses you.
The gnoll sergeant hits you from afar with a +0 trident.
Something hits you but does no damage.
In your confused state, you trip and fall back down the stairs.
The iguana bites you but does no damage.
The orc closely misses you.
The gnoll sergeant hits you but does no damage.
Something hits you but does no damage. x2
3411 ||| STAIRDANCE The iguana bites you.
The orc hits you but does no damage.
The gnoll sergeant hits you from afar with a +0 trident!
You die... #.... #.... #....g .... gog#

####
#gs###.....
#.o.....#.
#{@l\.>...
#.......#.
####.#.##
...# ##. #


You could see a gnoll sergeant, a scorpion, an iguana (very drained), 3 gnolls
and 2 orcs.

Vanquished Creatures
  A hound (D:4)
  An orc priest (D:4)
  An iguana (D:4)
  An orc wizard (D:4)
  3 adders
  A worm (D:4)
  3 dart slugs
  6 orcs
  4 ball pythons
  5 endoplasms
  5 giant cockroaches
  5 goblins
  6 hobgoblins
  4 jackals (D:3)
  7 kobolds
  A quokka (D:4)
  5 bats
  2 frilled lizards (D:1)
  3 rats
64 creatures vanquished.

Notes
Turn   | Place    | Note
-------+----------+-------------------------------------------
     0 | D:1      | qw the Gargoyle Hexslinger began the quest for the Orb.
     0 | D:1      | Reached XP level 1. HP: 12/12 MP: 2/2
     0 | D:1      | 0 ||| qw: Version: 0.3-a-46-gb1f654a
     0 | D:1      | 0 ||| qw: Game counter: 3216
     0 | D:1      | 0 ||| qw: Melee chars always use a shield: true
     0 | D:1      | 0 ||| qw: God list: Okawaru
     0 | D:1      | 0 ||| qw: Allow faded altars: false
     0 | D:1      | 0 ||| qw: Do Orc after clearing Dungeon:15 true
     0 | D:1      | 0 ||| qw: Do second Lair branch before Depths: true
     0 | D:1      | 0 ||| qw: Lair rune preference: random
     0 | D:1      | 0 ||| qw: Goals: Normal
     0 | D:1      | 0 ||| PLANNING D:1-11
   124 | D:1      | Reached XP level 2. HP: 16/16 MP: 3/3
   225 | D:1      | Found Cekazos's Assorted Antiques.
   241 | D:1      | 241 ||| SHOPLISTING polished ring mail (234 gold, have 0).
   241 | D:1      | 241 ||| SHOPLISTING scroll labelled BUCZIU LOLEA (26 gold,
                  | have 0).
   241 | D:1      | 241 ||| SHOPLISTING scroll labelled EMNOTZITY (26 gold,
                  | have 0).
   241 | D:1      | 241 ||| SHOPLISTING scroll labelled TOW SIUVVITA (26 gold,
                  | have 0).
   241 | D:1      | 241 ||| SHOPLISTING scroll labelled VEEHOY RIURIP (26 gold,
                  | have 0).
   241 | D:1      | 241 ||| SHOPLISTING viscous dark potion (23 gold, have 0).
   256 | D:1      | Reached skill level 3 in Ranged Weapons
   257 | D:1      | HP: 4/16 [constriction (1)]
   560 | D:1      | Reached XP level 3. HP: 21/21 MP: 4/4
   670 | D:1      | 670 ||| UPGRADING to +0 ring mail.
   680 | D:1      | 680 ||| DROPPING +0 robe.
   681 | D:1      | 681 ||| UPGRADING to +0 pair of gloves.
   686 | D:1      | 686 ||| UPGRADING to +4 ring of slaying {mikee}.
   687 | D:1      | 687 ||| READING 2 scrolls labelled VEEHOY RIURIP.
   688 | D:1      | 688 ||| READING scroll labelled VEN DAXTAOGHE.
   689 | D:1      | 689 ||| DRINKING 2 blue potions.
   690 | D:1      | 690 ||| DROPPING scroll of poison.
   870 | D:2      | Found a burning altar of Makhleb.
  1468 | D:2      | Reached skill level 1 in Armour
  1513 | D:2      | 1513 ||| UPGRADING to ring of resist corrosion.
  1514 | D:2      | 1514 ||| READING scroll labelled LED QYTUDYS.
  1515 | D:2      | 1515 ||| DRINKING 4 emerald potions.
  1817 | D:3      | 1817 ||| Stepping ~*~*~tactically~*~*~ (outnumbered).
  1829 | D:3      | 1829 ||| FLEEEEING.
  1873 | D:3      | Reached XP level 4. HP: 25/26 MP: 5/5
  2500 | D:3      | 2500 ||| READING scroll labelled BOSEIC FOTYIN KYMN.
  2521 | D:3      | 2521 ||| READING scroll labelled AXKUZU FOTWAWN.
  2522 | D:3      | 2522 ||| READING scroll labelled EMNOTZITY.
  2526 | D:3      | 2526 ||| READING scroll labelled TISMAT REIRATZ.
  2616 | D:4      | Reached skill level 4 in Ranged Weapons
  2619 | D:4      | 2619 ||| Stepping ~*~*~tactically~*~*~ (outnumbered).
  2631 | D:4      | HP: 6/26 [orc/+0 club (3)]
  2632 | D:4      | 2632 ||| DRINKING 3 potions of heal wounds.
  2636 | D:4      | Reached XP level 5. HP: 19/30 MP: 6/6
  2640 | D:4      | HP: 6/30 [orc/+1 flail of pain (5)]
  2641 | D:4      | 2641 ||| DRINKING 2 potions of heal wounds.
  2742 | D:4      | HP: 3/30 [iguana (7)]
  2743 | D:4      | 2743 ||| DRINKING potion of heal wounds.
  2745 | D:4      | Reached skill level 5 in Ranged Weapons
  3308 | D:4      | Reached skill level 3 in Fighting
  3312 | D:4      | 3312 ||| UPGRADING to amulet of faith.
  3317 | D:4      | 3317 ||| READING scroll labelled QOIGOI OZUAD.
  3317 | D:4      | Identified a scroll of acquirement
  3317 | D:4      | 3317 ||| ACQUIRING +0 orcbow of draining
  3317 | D:4      | Acquired a +0 orcbow of draining
  3319 | D:4      | 3319 ||| SWAPPING to +0 orcbow of draining.
  3320 | D:4      | 3320 ||| DROPPING +2 sling.
  3321 | D:4      | 3321 ||| DRINKING 2 viscous dark potions.
  3395 | D:5      | Entered Level 5 of the Dungeon
  3395 | D:5      | Found Pooph's Armour Shoppe.
  3401 | D:5      | 3401 ||| STAIRDANCE
  3403 | D:5      | 3403 ||| STAIRDANCE
  3405 | D:5      | 3405 ||| STAIRDANCE
  3407 | D:5      | 3407 ||| STAIRDANCE
  3409 | D:5      | 3409 ||| STAIRDANCE
  3411 | D:5      | 3411 ||| STAIRDANCE
  3411 | D:5      | Slain by a gnoll sergeant

Levels and vault maps discovered:
D:1:      wander_arrival_estate, layout_loops_cross, serial_shops, shop
D:2:      layout_basic, basic_altar
D:3:      layout_basic, serial_rivers, chequers_serial_rivers_marsh,
          chequers_serial_rivers_micro_b, chequers_serial_rivers_small_b,
          chequers_serial_rivers_large_b, st_stairs_4
D:4:      cheibrodos_pilgrimage, layout_loops_ring, kennysheep_generic_room_16
D:5:      layout_rooms, lemuel_doored_altar, serial_shops,
          nicolae_stop_n_shop_2, uniq_pikel, uniq_ijyb

Skill      XL: |  1  2  3  4  5 |
---------------+----------------+-----
Ranged Weapons | 3 4 5 |  5.1
Fighting       | 2 3 |  3.0
Armour         | 1 |  1.0
Dodging        | |  1.5
Spellcasting   | |  1.0
Hexes          | |  2.6

Action                     |  1- 3 |  4- 6 || total
---------------------------+-------+-------++-------
   Fire: Sling             |   106 |    69 ||   175
         Orcbow            |       |     5 ||     5
    Use: Scroll            |     3 |     5 ||     8
         Potion            |     2 |     4 ||     6
 Armour: Robe              |     8 |       ||     8
         Ring mail         |     6 |    42 ||    48
  Dodge: Dodged            |    29 |    45 ||    74

Table legend:
 A = Non-vault XP
 B = Vault XP
 C = Vault XP percentage of total XP
 D = Non-vault monster count
 E = Vault monster count
 F = Vault count percentage of total count
                 A         B        C        D         E       F
            +---------+---------+-------+---------+---------+-------
      Total |     197 |     113 |  36.5 |      52 |      12 |  18.8
            +---------+---------+-------+---------+---------+-------
        D:1 |      34 |       0 |   0.0 |      19 |       0 |   0.0
        D:2 |      12 |       0 |   0.0 |       8 |       0 |   0.0
        D:3 |      41 |       8 |  16.3 |      14 |       3 |  17.6
        D:4 |     110 |     105 |  48.8 |      11 |       9 |  45.0
            +---------+---------+-------+---------+---------+-------
